 Dungeon Crawl Stone Soup version 0.21-a0-331-gfb491b4 (webtiles) character file.

21 terra52 the Caller (level 2, 0/22 HPs)
             Began as a Vine Stalker Summoner on Oct 2, 2017.
             Succumbed to an adder's poison
             ... on level 2 of the Dungeon.
             The game lasted 00:02:43 (676 turns).

terra52 the Caller (Vine Stalker Summoner)           Turns: 676, Time: 00:02:44

Health: 0/22       AC:  2    Str: 15    XL:     2   Next: 83%
Magic:  0/6        EV: 12    Int: 15    God:
Gold:   70         SH:  0    Dex: 14    Spells: 4/5 levels left

rFire    . . .     SeeInvis .   j - +0 club
rCold    . . .     Gourm    +   (no shield)
rNeg     . . .     Faith    .   a - +0 robe
rPois    .         Spirit   +   (no helmet)
rElec    .         Reflect  .   (no cloak)
rCorr    .         Harm     .   (no gloves)
MR       .....                  (no boots)
Stlth    ..........             e - amulet of the gourmand
HPRegen  0.07/turn              (no ring)
MPRegen  0.10/turn              (no ring)

@: berserking, lethally poisoned (0 -> -11), very quick
A: fangs 2, magic shield, antimagic bite, no potion heal 3, rot immunity
a: no special abilities


You were on level 2 of the Dungeon.
You were not hungry.

You visited 1 branch of the dungeon, and saw 2 of its levels.

You collected 70 gold pieces.

Inventory:

Hand Weapons
 j - a +0 club (weapon)
Armour
 a - a +0 robe (worn)
Jewellery
 e - an amulet of the gourmand (around neck)
Scrolls
 f - 2 scrolls of identify {unknown}
 i - a scroll of remove curse {unknown}
Potions
 d - a potion of heal wounds {unknown}
 h - a potion of might {unknown}
 k - a potion of lignification {unknown}
 l - a potion of berserk rage
Books
 b - a book of Callings

   Spells                             Type                      Level
   a - Summon Small Mammal            Summoning                    1
   b - Call Imp                       Summoning                    2
   c - Call Canine Familiar           Summoning                    3
   d - Summon Guardian Golem          Hexes/Summoning              3
   e - Summon Lightning Spire         Summoning/Air                4
   f - Summon Ice Beast               Ice/Summoning                4
Comestibles
 c - a bread ration
 g - a meat ration


   Skills:
 + Level 2.1 Fighting
 - Level 1.5 Dodging
 - Level 2.4 Stealth
 - Level 2.1 Spellcasting
 - Level 4.0 Summonings


You had 4 spell levels left.
You knew the following spells:

 Your Spells              Type           Power        Failure   Level  Hunger
a - Summon Small Mammal   Summ           ##..         4%          1    #......


Dungeon Overview and Level Annotations

Branches:
Dungeon (2/15)

Altars:


Innate Abilities, Weirdness & Mutations

You have extremely sharp teeth.
When hurt, damage is shared between your health and your magic reserves.
Your bite disrupts and absorbs the magic of your enemies.
Potions cannot restore your health.
You are immune to rotting.


Message History

Your bat hits the adder but does no damage.
Your quokka bites the adder.
The adder misses your bat.
Your quokka barely misses the adder.
You miss the adder. Your bite misses the adder.
The adder is almost dead.
Your bat completely misses the adder.
Your bat hits the adder but does no damage.
The adder bites your bat.
Your bat is poisoned.
The adder poisons your bat!
Your quokka barely misses the adder.
You closely miss the adder.
The adder is almost dead.
Your bat barely misses the adder. x2; The adder bites you.
* * * LOW HITPOINT WARNING * * *
You are more poisoned.
The adder poisons you!
Your quokka barely misses the adder.
Unknown command.
You miss the adder. Your bite misses the adder.
The adder is almost dead.
You die...

##...## #.# ##.## #.#
#.# #.# #.# ##.# ##'##
#..# ##...## #.##
##.....## ###.#
##...b...## ##.#.#
#....@....####....####
+...Sr....+.......†...
#....b....###.....##.#
##.......## #.#.#....#
##....(## #.###.#..#
##...## # #....# ##'##
##.#.# #.# #.####.#.#
#.# #........#


You could see an adder, a friendly quokka and 2 friendly bats.

Vanquished Creatures
  A dart slug (D:1)
  2 bats
  A giant cockroach (D:1)
  3 goblins
  2 frilled lizards (D:1)
  A kobold (D:1)
  A rat (D:1)
11 creatures vanquished.

Vanquished Creatures (collateral kills)
  An ooze (D:1)
  A leopard gecko (D:1)
  A giant cockroach (D:1)
  A hobgoblin (D:1)
  A kobold (D:1)
  A bat (D:1)
  3 rats (D:1)
9 creatures vanquished.

Grand Total: 20 creatures vanquished

Notes
Turn   | Place    | Note
-------+----------+-------------------------------------------
     0 | D:1      | terra52 the Vine Stalker Summoner began the quest for the Orb.
     0 | D:1      | Reached XP level 1. HP: 9/9 MP: 4/4
    56 | D:1      | Reached skill level 1 in Fighting
   254 | D:1      | Reached XP level 2. HP: 11/14 MP: 3/6
   675 | D:2      | HP: 1/22 [adder (3)]
   676 | D:2      | Succumbed to an adder's poison

Vault maps used:
D:1:      lightli_arrival_chessboard

Skill      XL: |  1  2 |
---------------+-------+-----
Fighting       | 1 2 |  2.1
Dodging        | |  1.5
Stealth        | |  2.4
Spellcasting   | |  2.1
Summonings     | |  4.0

Action                   || total
-------------------------++-------
Melee: Unarmed           ||    53
       Bite              ||     9
       Club              ||    12
 Cast: Summon Small Mamm ||    32
  Use: Potion            ||     1
 Stab: Sleeping          ||     2
  Eat: Chunk             ||     1
Armor: Robe              ||    20
Dodge: Dodged            ||    60

Table legend:
 A = Spawn XP
 B = Non-spawn XP
 C = Spawn XP percentage of total XP
 D = Spawn monster count
 E = Non-spawn monster count
 F = Spawn count percentage of total count
 G = Total turns spent on level
                    A         B        C        D         E        F      G
               +---------+---------+-------+---------+---------+-------+---------
         Total |       0 |      30 |   0.0 |       0 |      20 |   0.0 |   676
               +---------+---------+-------+---------+---------+-------+---------
           D:1 |       0 |      28 |   0.0 |       0 |      18 |   0.0 |   529
           D:2 |       0 |       2 |   0.0 |       0 |       2 |   0.0 |   147
               +---------+---------+-------+---------+---------+-------+---------
